 Dungeon Crawl Stone Soup version 0.28-a0-309-gf6d37e6e1d (webtiles) character file.

Game seed: 12197762005007252920

14922 sandbernar the Destroyer (level 12, -2/75 HPs)
             Began as a Human Conjurer on Aug 29, 2021.
             Was a Priest of Vehumet.
             Slain by a seven-headed hydra (12 damage)
             ... on level 11 of the Dungeon on Aug 30, 2021.
             The game lasted 07:49:55 (22084 turns).

sandbernar the Destroyer (Human Conjurer)          Turns: 22084, Time: 07:50:00

Health: -2/75      AC:  8    Str:  8    XL:     12   Next: 51%
Magic:  7/23       EV: 16    Int: 21    God:    Vehumet [***...]
Gold:   1040       SH:  0    Dex: 12    Spells: 2/26 levels left

rFire   + . .      SeeInvis .   n - staff of cold
rCold   . . .      Faith    .   (no shield)
rNeg    . . .      Spirit   .   w - +3 leather armour
rPois   .          Reflect  .   l - +2 hat
rElec   .          Harm     .   (no cloak)
rCorr   .          Rampage  .   (no gloves)
Will    .....                   (no boots)
Stlth   +++.......              g - amulet of the acrobat
HPRegen 0.22/turn               b - +4 ring of evasion
MPRegen 0.18/turn               D - ring of fire

@: hasted, very quick
A: talons 1, dopey 1, MP-powered wands
a: Renounce Religion


You were on level 11 of the Dungeon.
You worshipped Vehumet.
Vehumet was most pleased with you.
You visited 4 branches of the dungeon, and saw 16 of its levels.

You collected 1700 gold pieces.
You spent 312 gold pieces at shops.
You paid 348 gold pieces to Gozag.

Inventory:

Hand Weapons
 c - a +2 dagger of distortion
 m - a +1 quarterstaff
 p - a +4 long sword of flaming
 q - a +2 rapier of flaming
 z - a +3 dire flail of freezing
 A - a +5 mace
 E - a +1 flail of protection
 G - a +3 trident
 K - a +0 whip
Missiles
 J - 84 stones
Armour
 a - a +0 robe
 k - a +2 ring mail of willpower
 l - a +2 hat (worn)
 w - a +3 leather armour (worn)
Magical Staves
 n - a staff of cold (weapon)
Jewellery
 b - a +4 ring of evasion (left hand)
 d - a +4 ring of evasion
 g - an amulet of the acrobat (around neck)
 h - a +6 ring of strength
 C - an amulet of guardian spirit
 D - a ring of fire (right hand)
 F - a +6 ring of strength
Wands
 i - a wand of flame (9)
 B - a wand of acid (10)
 I - a wand of charming (14)
Scrolls
 f - 6 scrolls of vulnerability
 j - 4 scrolls of teleportation
 s - a scroll of torment
 v - 2 scrolls of enchant weapon
 y - 4 scrolls of enchant armour
 H - a scroll of noise {unknown}
Potions
 e - a potion of curing
 t - a potion of attraction
 u - a potion of haste
 x - a potion of heal wounds {unknown}
 L - a potion of degeneration {unknown}
Miscellaneous
 o - a piece from Xom's chessboard (15/15)


   Skills:
 - Level 0.4 Fighting
 - Level 3.1 Staves
 - Level 2.6 Armour
 + Level 4.6 Dodging
 * Level 7.1 Stealth
 + Level 7.5 Spellcasting
 * Level 10.9 Conjurations
 * Level 6.3 Hexes
 + Level 0.4 Transmutations
 * Level 4.0 Fire Magic
 - Level 1.2 Ice Magic
 + Level 0.9 Air Magic
 * Level 5.7 Earth Magic
 + Level 1.4 Poison Magic
 * Level 5.9 Evocations


You had 2 spell levels left.
You knew the following spells:

 Your Spells              Type           Power      Damage    Failure   Level
a - Magic Dart            Conj           100%       1d8       1%          1
b - Searing Ray           Conj           100%       3d7       1%          2
c - Fulminant Prism       Conj/Hex       22%        3d13      1%          4
d - Dazzling Flash        Conj/Hex       88%        N/A       1%          3
e - Shock                 Conj/Air       100%       1d9       1%          1
f - Bolt of Magma         Conj/Fire/Erth 26%        4d12      5%          5
g - Sandblast             Erth           64%        2d14      1%          1
h - Static Discharge      Conj/Air       32%        N/A       1%          2
i - Poisonous Vapours     Pois/Air       26%        N/A       3%          2
j - Ignite Poison         Fire/Tmut/Pois 24%        N/A       4%          3

Your spell library contained the following spells:

 Spells                   Type           Power      Damage    Failure   Level
 Stone Arrow              Conj/Erth      84%        3d12      1%          3
 Freeze                   Ice            76%        1d9       1%          1
 Corpse Rot               Necr/Air       N/A        N/A       14%         2
 Mephitic Cloud           Conj/Pois/Air  26%        N/A       1%          3
 Tukima's Dance           Hex            34%        N/A       2%          3
 Hailstorm                Conj/Ice       50%        3d11      2%          4
 Iskenderun's Mystic Bla  Conj/Tloc      30%        2d8       3%          4
 Frozen Ramparts          Ice            38%        1d5       6%          3
 Freezing Cloud           Conj/Ice/Air   19%        6-21      14%         5
 Airstrike                Air            6%         N/A       21%         4
 Ozocubu's Armour         Ice            19%        N/A       22%         3
 Swiftness                Air            12%        N/A       24%         3
 Metabolic Englaciation   Hex/Ice        17%        N/A       56%         5
 Summon Mana Viper        Hex/Summ       21%        N/A       65%         5
 Summon Forest            Summ/Tloc      3%         N/A       97%         5
 Dispersal                Tloc           3%         N/A       100%        6
 Ozocubu's Refrigeration  Ice            9%         4d6       100%        7
 Disjunction              Tloc           3%         N/A       100%        8


Dungeon Overview and Level Annotations

Branches:
Dungeon (12/15)            Temple (1/1) D:6            Lair (0/6) D:8
    Orc (2/2) D:10            Elf (1/3) Orc:2

Altars:
Ashenzari
Cheibriados
Dithmenos
Elyvilon
Fedhas
Gozag
Hepliaklqana
Kikubaaqudgha
Makhleb
Nemelex Xobeh
Okawaru
Qazlal
Ru
Sif Muna
Trog
Uskayaw
Vehumet
Wu Jian
Xom
Yredelemnul
Zin
The Shining One
Beogh

Shops:
D:2 :   D:6 *   Orc:2 (

Annotations:
D:9 Harold
Orc:1 1 runed translucent door, Supaplex's ghost, journeyman TrBe


Innate Abilities, Weirdness & Mutations

You have sharp toenails.
You are dopey. (Int -2)
You expend magic power (3 MP) to strengthen your wands.


Message History

Press: ? - help, v - describe, . - travel
Here: a gargoyle, wielding a +2 dire flail of protection The floor.
Unknown command.
You can't memorise that many levels of magic yet!
Unknown command.
Okay, then.
Aiming: Sandblast (safe; 1% risk of failure)
Press: ? - help, Q - select action, (/) - cycle Shift-Dir - straight line, f - gargoyle
Aim: a gargoyle, wielding a +2 dire flail of protection (91% to hit)
The blast of sand hits the gargoyle but does no damage.
The gargoyle barely misses you.
Aiming: Sandblast (safe; 1% risk of failure)
Press: ? - help, Q - select action, (/) - cycle Shift-Dir - straight line, f/p - gargoyle
Aim: a gargoyle, wielding a +2 dire flail of protection (91% to hit)
The blast of sand hits the gargoyle but does no damage.
The gargoyle hurls a stone arrow at you.
The stone arrow hits you!!
You feel better. The gargoyle misses you.
The centaur shouts!
The centaur wields a +0 shortbow.
The centaur shoots an arrow.
The arrow completely misses you.
The centaur shoots an arrow.
The arrow completely misses you.
The centaur shoots an arrow.
The arrow closely misses you.
The gargoyle hurls a stone arrow at you.
The stone arrow hits you!
* * * LOW HITPOINT WARNING * * *
As you read the scroll of fear, it crumbles to dust.
You assume a fearsome visage.
The gargoyle is unaffected.
The centaur looks frightened!
The centaur prays for help.
There is a stone staircase leading up here.
You feel better.
You climb upwards.
The seven-headed hydra completely misses you.
The seven-headed hydra misses you. The seven-headed hydra bites you.
The seven-headed hydra bites you!
* * * LOW HITPOINT WARNING * * *
The seven-headed hydra bites you!
You die...

# .D. #...........# # ..
#...........# ### .#
###'######### ..# ##.# #......#
#.# #..# ######'## #.#####
##.####### #.......# ......#
#........# #.......# ......#
#.....D).#####.......#
......####.)....@.#...'.......#
......#.†.........#.###.......###
......#.##........#.# #>......'..
........##..........# #.......###
.D....####........### #.......# #
.###### ####.##### ######'## .#
#...# ##...# # #####'## ##..###
#......### #..##


You could see a seven-headed hydra.

Vanquished Creatures
  3 two-headed ogres
  Sonja (D:10)
  6 centaur zombies
  Maurice (D:9)
  A gargoyle (D:10)
  2 trolls (D:10)
  A wyvern (D:5)
  21 yaks (D:10)
  2 wraiths (D:9)
  Menkaure (D:5)
  4 vampire mosquitoes (D:11)
  2 swamp worms (D:9)
  2 water moccasins
  12 orc warriors
  2 black bears
  An ice beast (D:8)
  A hornet zombie (D:6)
  7 ogres
  5 centaurs
  A kobold brigand (D:10)
  A gnoll sergeant (D:7)
  2 bullfrogs
  3 water moccasin zombies (D:6)
  2 wyvern skeletons
  A water moccasin skeleton (D:7)
  8 killer bees (D:9)
  9 wights
  2 jellies
  4 bullfrog skeletons (D:6)
  A bullfrog zombie (D:6)
  2 centaur skeletons
  7 hounds
  22 orc priests
  Terence (D:4)
  Jessica (D:2)
  2 iguanas
  16 orc wizards
  2 hound skeletons
  A howler monkey zombie (D:6)
  16 gnolls
  4 adders
  A white imp (D:6)
  2 ufetubi
  A worm (D:3)
  61 orcs
  8 ball pythons
  A bat (D:2)
  4 endoplasms
  18 giant cockroaches
  6 goblins
  9 hobgoblins
  4 jackals
  9 kobolds
  3 quokkas
  4 frilled lizards (D:1)
  4 rats (D:1)
318 creatures vanquished.

Vanquished Creatures (others)
  A warg (D:11)
  84 fulminant prisms
  8 plants
  15 withered plants
108 creatures vanquished.

Grand Total: 426 creatures vanquished

Notes
Turn   | Place    | Note
-------+----------+-------------------------------------------
     0 | D:1      | sandbernar the Human Conjurer began the quest for the Orb.
     0 | D:1      | Reached XP level 1. HP: 13/13 MP: 3/3
   404 | D:1      | Reached XP level 2. HP: 19/19 MP: 0/5
   657 | D:2      | Found Ruotun's Book Shoppe.
   888 | D:2      | Reached XP level 3. HP: 24/24 MP: 2/6
   963 | D:1      | Learned a level 2 spell: Searing Ray
  1101 | D:1      | Got the Volume of Enthralling Stones
  1618 | D:1      | Found a faded altar of an unknown god.
  1656 | D:1      | Became a worshipper of Gozag Ym Sagoz the Greedy
  2108 | D:2      | Reached XP level 4. HP: 25/30 MP: 0/8
  2211 | D:2      | Learned a level 4 spell: Fulminant Prism
  2830 | D:3      | Noticed Terence
  2923 | D:4      | Reached skill level 5 in Conjurations
  3229 | D:4      | Reached XP level 5. HP: 21/35 MP: 1/9
  3409 | D:5      | Entered Level 5 of the Dungeon
  3409 | D:5      | Noticed Menkaure
  4008 | D:4      | Reached XP level 6. HP: 41/41 MP: 0/11
  4112 | D:4      | Found a large runed translucent door.
  4112 | D:4      | Found a large runed translucent door.
  4163 | D:4      | Noticed a black bear
  4361 | D:4      | Killed Terence
  4605 | D:2      | Noticed Jessica
  4644 | D:2      | Killed Jessica
  4954 | D:1      | Gained mutation: You are dopey. (Int -2) [potion of
                  | mutation]
  4954 | D:1      | Gained mutation: You have sharp toenails. [potion of
                  | mutation]
  4954 | D:1      | Gained mutation: You expend magic power (3 MP) to
                  | strengthen your wands. [potion of mutation]
  5072 | D:2      | Learned a level 3 spell: Dazzling Flash
  6510 | D:4      | Found a large runed translucent door.
  6569 | D:4      | Found a large runed translucent door.
  6677 | D:4      | Reached XP level 7. HP: 46/47 MP: 8/13
  6769 | D:4      | Reached skill level 6 in Conjurations
  6875 | D:4      | Reached skill level 1 in Staves
  7318 | D:5      | Reached skill level 1 in Armour
  7318 | D:5      | Reached skill level 1 in Evocations
  7318 | D:5      | Reached XP level 8. HP: 49/53 MP: 11/15
  7480 | D:5      | Reached skill level 7 in Conjurations
  8106 | D:5      | Noticed a wyvern
  8113 | D:5      | Killed a wyvern
  8114 | D:5      | Reached skill level 5 in Spellcasting
  8253 | D:5      | Killed Menkaure
  8254 | D:5      | Reached XP level 9. HP: 58/58 MP: 8/16
  8707 | D:5      | Upgraded the game from 0.28-a0-297-g99b01970c5 to
                  | 0.28-a0-309-gf6d37e6e1d
  9453 | D:6      | Found Woahiotu's Assorted Antiques.
  9537 | D:6      | Bought a pink potion for 32 gold pieces
  9537 | D:6      | Bought a viscous yellow potion for 32 gold pieces
  9537 | D:6      | Bought a scroll labelled IGIFRI SAHUC for 36 gold pieces
  9537 | D:6      | Bought an amethyst potion for 32 gold pieces
  9537 | D:6      | Bought a scroll labelled XOCHUI EXTIO for 36 gold pieces
  9537 | D:6      | Bought a scroll labelled IGIFRI SAHUC for 36 gold pieces
  9537 | D:6      | Bought a scroll of teleportation for 108 gold pieces
  9546 | D:6      | Learned a level 1 spell: Shock
  9679 | D:6      | Reached skill level 8 in Conjurations
  9726 | D:6      | Reached skill level 1 in Hexes
  9934 | D:6      | Found a staircase to the Ecumenical Temple.
  9951 | Temple   | Entered the Ecumenical Temple
 10287 | Temple   | Fell from the grace of Gozag
 10287 | Temple   | Became a worshipper of Vehumet
 10397 | D:6      | Reached skill level 1 in Ice Magic
 10969 | D:7      | Learned a level 5 spell: Bolt of Magma
 11152 | D:8      | Reached skill level 1 in Earth Magic
 11171 | D:8      | Found a staircase to the Lair.
 11454 | D:8      | Noticed a two-headed ogre
 11473 | D:8      | Killed a two-headed ogre
 11474 | D:8      | Reached skill level 9 in Conjurations
 11474 | D:8      | Reached XP level 10. HP: 42/64 MP: 5/18
 12837 | D:7      | Found an iron altar of Okawaru.
 13832 | D:6      | Reached skill level 1 in Fire Magic
 14869 | D:8      | Reached * piety under Vehumet
 14869 | D:8      | Offered knowledge of Sandblast by Vehumet.
 15008 | D:8      | Learned a level 1 spell: Sandblast
 15044 | D:8      | Found a broken altar of Ashenzari.
 15232 | D:9      | Was forgiven by Gozag
 15313 | D:9      | Reached skill level 5 in Stealth
 15719 | D:10     | Entered Level 10 of the Dungeon
 15788 | D:10     | Reached XP level 11. HP: 60/69 MP: 8/20
 15912 | D:10     | Noticed Sonja
 15913 | D:10     | Offered knowledge of Static Discharge by Vehumet.
 15915 | D:10     | Reached ** piety under Vehumet
 15933 | D:10     | Killed Sonja
 15934 | D:10     | Reached skill level 10 in Conjurations
 15934 | D:10     | Reached skill level 5 in Evocations
 16021 | D:10     | Learned a level 2 spell: Static Discharge
 16112 | D:10     | Reached skill level 5 in Hexes
 16567 | D:10     | Found a staircase to the Orcish Mines.
 16735 | Orc:1    | Entered Level 1 of the Orcish Mines
 16776 | Orc:1    | Offered knowledge of Conjure Flame by Vehumet.
 16909 | Orc:1    | Found a runed translucent door.
 16909 | Orc:1    | Noticed Supaplex's ghost (journeyman TrBe)
 16913 | Orc:1    | Noticed an orc warlord
 17410 | D:9      | Noticed Harold
 17894 | D:9      | Reached *** piety under Vehumet
 18068 | D:9      | Noticed Maurice
 18095 | D:9      | Killed Maurice
 18359 | D:10     | Reached skill level 5 in Earth Magic
 18359 | D:10     | Reached XP level 12. HP: 75/75 MP: 3/22
 18573 | D:10     | Learned a level 2 spell: Poisonous Vapours
 18577 | D:10     | Learned a level 3 spell: Ignite Poison
 19226 | D:11     | Noticed a two-headed ogre
 19236 | D:11     | Killed a two-headed ogre
 19699 | D:11     | Noticed a seven-headed hydra
 20153 | Orc:2    | Entered Level 2 of the Orcish Mines
 20771 | Orc:2    | Found a staircase to the Elven Halls.
 20772 | Orc:2    | Found Byqokkud's Antique Weapon Emporium.
 20796 | Orc:2    | Reached skill level 1 in Poison Magic
 20993 | Orc:2    | Offered knowledge of Stone Arrow by Vehumet.
 21384 | Elf:1    | Entered Level 1 of the Elven Halls
 21668 | Orc:1    | Noticed a two-headed ogre
 21673 | Orc:1    | Killed a two-headed ogre
 22084 | D:11     | Slain by a seven-headed hydra

Illustrated notes

Levels and vault maps discovered:
D:1:      lemuel_arrival_lava_pool, layout_loops_ring,
          shapermc_ecumenical_altar_totnotflames, minmay_tetromino_o4
D:2:      minmay_roachtagon, layout_basic, serial_shops, shop,
          grunt_ministairs_5, uniq_jessica
D:3:      layout_basic, minmay_crystal_water, kennysheep_generic_room_7,
          uniq_terence
D:4:      layout_loops_ring, minmay_hollow_rounded_squares
D:5:      layout_gridville, hex_medium, kennysheep_generic_room_9, uniq_menkaure
D:6:      layout_cave_pods, minmay_temple_entry_overgrown, serial_undead,
          serial_undead_c, serial_undead_b, serial_undead_c, serial_undead_c,
          serial_undead_f, serial_undead_d, serial_undead_c, serial_shops, shop
D:7:      layout_basic, mainiacjoe_overflow_alcove_1, corexii_hall_statues_u
D:8:      layout_cave_pools, mainiacjoe_overflow_small_starburst,
          lair_entry_dummy, lemuel_old_faithful
D:9:      wander_river, layout_cave_pods, worms_lemuel, uniq_maurice,
          uniq_harold
D:10:     layout_loops_ring, minmay_orc_entry_temple_small, serial_bayou_pond_e,
          corexii_checkpoint_b, chequers_serial_rivers_room_a, uniq_sonja
D:11:     layout_roguey
D:12:     layout_grid_maze
Temple:   regret_index_temple_chain_breaker
Orc:1:    layout_diamond_mine, gammafunk_ghost_grave
Orc:2:    st_orc_elflike, layout_caves, gammafunk_ghost_cemetery, serial_shops,
          nicolae_shop_waterfront
Elf:1:    elf_arrival_001, layout_loops_ring, orc_legates, uniq_azrael

Skill      XL: |  1  2  3  4  5  6  7  8  9 10 11 12 |
---------------+-------------------------------------+-----
Spellcasting   | 3 4 5 6 7 |  7.5
Conjurations   | 5 6 7 9 10 | 10.9
Stealth        | 3 4 5 6 7 |  7.1
Staves         | 2 3 |  3.1
Dodging        | 3 4 |  4.6
Armour         | 1 2 |  2.6
Evocations     | 1 2 4 5 |  5.9
Hexes          | 3 5 6 |  6.3
Ice Magic      | 1 |  1.2
Earth Magic    | 2 3 5 |  5.7
Fire Magic     | 1 3 4 |  4.0
Poison Magic   | 1 |  1.4
Fighting       | |  0.4
Transmutations | |  0.4
Air Magic      | |  0.9

Action                   |  1- 3 |  4- 6 |  7- 9 | 10-12 || total
-------------------------+-------+-------+-------+-------++-------
Melee: Quarterstaff      |       |     1 |       |       ||     1
       Staff             |       |       |    30 |    16 ||    46
       Kick              |       |       |     9 |     2 ||    11
 Cast: Magic Dart        |    63 |    34 |    51 |    20 ||   168
       Searing Ray       |     3 |    31 |    60 |    47 ||   141
       Fulminant Prism   |       |     2 |    11 |    71 ||    84
       Shock             |       |       |    11 |    24 ||    35
       Dazzling Flash    |       |       |     1 |     8 ||     9
       Sandblast         |       |       |       |    50 ||    50
       Bolt of Magma     |       |       |       |    15 ||    15
       Static Discharge  |       |       |       |    21 ||    21
       Poisonous Vapours |       |       |       |    58 ||    58
       Ignite Poison     |       |       |       |    41 ||    41
Invok: Potion Petition   |       |       |     1 |       ||     1
Evoke: Wand              |       |     6 |     5 |     2 ||    13
  Use: Scroll            |     3 |     7 |     3 |     4 ||    17
       Potion            |     3 |     2 |     2 |     7 ||    14
Armor: Robe              |       |     7 |       |       ||     7
       Ring mail         |       |       |    29 |       ||    29
       Leather armour    |       |       |     2 |    34 ||    36
Dodge: Dodged            |     3 |    28 |   149 |   203 ||   383

Table legend: (Time is in decaauts)
 A = Elapsed time spent in this place.
 B = Non-inter-level travel time spent in this place.
 C = Inter-level travel time spent in this place.
 D = Time resting spent in this place.
 E = Time spent auto-exploring this place.
 F = Levels seen in this place.
 G = Mean time per level.
                   A        B        C        D        E       F      G
               +--------+--------+--------+--------+--------+-----+--------+
         Total |  22164 |  22164 |      0 |   8495 |   1680 |  16 | 1385.2 |
       Dungeon |  19312 |  19312 |      0 |   7003 |   1506 |  12 | 1609.3 |
        Temple |    397 |    397 |      0 |     62 |      0 |   1 |  397.0 |
  Orcish Mines |   2447 |   2447 |      0 |   1430 |    174 |   2 | 1223.5 |
   Elven Halls |      7 |      7 |      0 |      0 |      0 |   1 |    7.0 |
               +--------+--------+--------+--------+--------+-----+--------+

Top non-repeatable levels by time:
     D:6: 2473 daAuts
     D:5: 2379 daAuts
     D:4: 2254 daAuts
     D:2: 2210 daAuts
    D:10: 1975 daAuts
     D:7: 1950 daAuts
     D:1: 1876 daAuts
     D:9: 1718 daAuts
   Orc:2: 1472 daAuts
     D:8: 1064 daAuts
   Orc:1: 975 daAuts
     D:3: 738 daAuts
    D:11: 646 daAuts
  Temple: 397 daAuts
    D:12: 24 daAuts
